 Dungeon Crawl Stone Soup version 0.17.1-1-g73c8601 (webtiles) character file.

6077 Holeefuk the Fighter (level 10, -7/97 HPs)
             Began as a Hill Orc Fighter on Dec 12, 2015.
             Was a High Priest of Okawaru.
             Mangled by an orc warrior
             ... wielding a cursed +0 long sword
              (13 damage)
             ... on level 10 of the Dungeon on Dec 13, 2015.
             The game lasted 00:30:23 (8267 turns).

Holeefuk the Fighter (Hill Orc Fighter)             Turns: 8267, Time: 00:30:23

Health: -7/97      AC: 10    Str: 23    XL:     10   Next: 88%
Magic:  10/10      EV: 10    Int:  8    God:    Okawaru [*****.]
Gold:   495        SH: 11    Dex: 10    Spells: 0 memorised, 9 levels left

rFire  . . .     SeeInvis .     E - +2 war axe (chop)
rCold  . . .     Clarity  .     b - +0 scale mail
rNeg   . . .     SustAt   .     G - +2 shield {rPois}
rPois  +         Gourm    +     (no helmet)
rElec  .         Spirit   .     g - +0 cloak
rCorr  .         Warding  .     (no gloves)
rMut   .         Stasis   .     (no boots)
MR     .....                    I - amulet of the gourmand
Stlth  ..........               (no ring)
                                t - ring of invisibility

@: not resistant to hostile enchantments, extremely unstealthy
A: no striking features
a: Heroism, Finesse, Renounce Religion, Evoke Invisibility


You were on level 10 of the Dungeon.
You worshipped Okawaru.
Okawaru was extremely pleased with you.
You were near starving.

You visited 3 branches of the dungeon, and saw 12 of its levels.

You collected 567 gold pieces.
You spent 72 gold pieces at shops.

Inventory:

Hand Weapons
 E - a +2 war axe of chopping (weapon)
Armour
 b - a +0 scale mail (worn)
 g - a +0 cloak (worn)
 G - a +2 shield of poison resistance (worn)
Jewellery
 t - a ring of invisibility (left hand)
 F - an uncursed ring of fire
 I - an amulet of the gourmand (around neck)
Wands
 c - a wand of digging (16)
 h - a wand of digging (7)
 C - a wand of cold (0)
Scrolls
 a - 5 scrolls of remove curse {unknown}
 f - 17 scrolls of identify {unknown}
 i - a scroll of recharging {unknown}
 k - 2 scrolls of fear {unknown}
 l - 4 scrolls of enchant armour {unknown}
 m - 3 scrolls of teleportation {unknown}
 n - 2 scrolls of enchant weapon {unknown}
 o - 2 scrolls of magic mapping {unknown}
 q - a scroll of blinking {unknown}
 r - a scroll of noise {unknown}
 x - 3 scrolls of random uselessness {unknown}
 y - a scroll of fog {unknown}
Potions
 d - 2 potions of might
 j - 2 potions of flight {unknown}
 s - a potion of berserk rage {unknown}
 v - a potion of ambrosia {unknown}
 w - a potion of agility {unknown}
 z - 3 potions of curing
 D - 2 potions of degeneration {unknown}
Books
 B - a book of Power

   Spells                             Type                      Level
   a - Fulminant Prism                Conjuration/Hexes            4
   b - Iskenderun's Mystic Blast      Conjuration                  4
   c - Venom Bolt                     Conjuration/Poison           5
   d - Bolt of Magma                  Conjuration/Fire/Earth       5
   e - Iron Shot                      Conjuration/Earth            6
   f - Orb of Destruction             Conjuration                  7
   g - Spellforged Servitor           Conjuration/Summoning        7
Comestibles
 e - 8 bread rations
 A - 2 meat rations
 H - 6 beef jerkies


   Skills:
 - Level 11.7 Fighting
 - Level 9.0 Axes
 - Level 9.5 Armour
 - Level 6.2 Dodging
 - Level 3.2 Shields
 + Level 0.3 Invocations


You had 9 spell levels left.
You didn't know any spells.

Dungeon Overview and Level Annotations

Branches:
Dungeon (10/15)            Temple (1/1) D:4             Orc (1/4) D:10
   Lair: D:8-11

Altars:
Ashenzari
Cheibriados
Dithmenos
Elyvilon
Fedhas
Gozag
Kikubaaqudgha
Makhleb
Nemelex Xobeh
Okawaru
Qazlal
Ru
Trog
Vehumet
Xom
Yredelemnul
Zin
The Shining One

Shops:
D:4 (   D:7 *


Message History

You hit the orc warrior.
The orc warrior is lightly wounded.
You slash the orc!
You kill the orc!
Okawaru accepts your kill.
The orc warrior hits you with a long sword!!
* * * LOW HITPOINT WARNING * * *
You slash the orc warrior!
The orc warrior is almost dead.
You feel sick.
The orc warrior hits you with a long sword!
* * * LOW HITPOINT WARNING * * *
Drink which item? (? for menu, Esc to quit)
You feel better.
The orc warrior hits you with a long sword.
* * * LOW HITPOINT WARNING * * *
You hit the orc warrior but do no damage.
The orc warrior is almost dead.
The orc warrior hits you with a long sword!
You die...

#######.......# #.#
........#.#.# #.#
#.......#.#[####.#
#.......#.#....#.#
##..#...#.####.#.########
........#.# #............
. #..[....#.#
#).##.##########
#.#...#.#.###.<##.#
#.....# #.#@#..##.#
#.#...# #.†o)...#.#
#.#.K.# #####.#.#.#
#.#...# ..#.#)####.#....
....#......#(#.#
#..#.#.######.#..
####.### ...... # #.#...#
#.#####


You could see an orc warrior.

Vanquished Creatures
  Pikel (D:8)
  Maurice (D:10)
  A troll (D:10)
  Prince Ribbit (D:6)
  A deep elf mage (D:9)
  2 wyverns (D:9)
  Eustachio (D:5)
  A hippogriff (D:9)
  A hungry ghost (D:10)
  4 yaks (D:9)
  A phantom (D:7)
  2 sky beasts
  3 orc warriors
  6 ogres
  A black bear (D:8)
  An ice beast (D:7)
  A slave (D:8)
  A centaur (D:7)
  A big kobold (D:10)
  4 giant frogs
  A gnoll sergeant (D:9)
  3 scorpions
  A water moccasin skeleton (D:6)
  5 wights (D:8)
  2 crimson imps (D:8)
  2 jellies (D:9)
  4 orc priests
  5 hounds
  A wasp zombie (D:10)
  2 centaur skeletons
  A giant frog skeleton (D:8)
  9 orc wizards
  An iguana (D:6)
  5 worker ants
  A killer bee zombie (D:6)
  6 adders
  10 gnolls
  A shadow imp (D:8)
  3 oozes (D:4)
  An adder zombie (D:9)
  An adder skeleton (D:9)
  4 worms
  3 giant geckos
  47 orcs
  9 bats
  6 giant cockroaches
  8 goblins
  7 hobgoblins
  6 jackals
  6 quokkas
  A ball python (D:3)
  A ball python skeleton (D:4)
  A giant gecko skeleton (D:6)
  7 giant newts
  A jackal skeleton (D:4)
  11 kobolds
  A quokka skeleton (D:5)
  A quokka zombie (D:5)
  8 rats
228 creatures vanquished.

Vanquished Creatures (others)
  A worker ant zombie (D:8)
1 creature vanquished.

Grand Total: 229 creatures vanquished

Notes
Turn   | Place    | Note
--------------------------------------------------------------
     0 | D:1      | Holeefuk the Hill Orc Fighter began the quest for the Orb.
     0 | D:1      | Reached XP level 1. HP: 19/19 MP: 1/1
    51 | D:1      | Reached XP level 2. HP: 24/26 MP: 2/2
   190 | D:1      | Reached skill level 4 in Axes
   372 | D:1      | Reached XP level 3. HP: 31/31 MP: 3/3
   583 | D:2      | Reached skill level 5 in Axes
   759 | D:2      | Reached XP level 4. HP: 26/39 MP: 4/4
  1121 | D:3      | Reached skill level 6 in Axes
  1126 | D:3      | Reached XP level 5. HP: 9/45 MP: 5/5
  1260 | D:3      | Found an ancient bone altar of Kikubaaqudgha.
  2051 | D:4      | Found a staircase to the Ecumenical Temple.
  2062 | Temple   | Entered the Ecumenical Temple
  2096 | Temple   | Became a worshipper of Warmaster Okawaru
  2141 | D:4      | Reached skill level 5 in Fighting
  2192 | D:4      | Noticed an ogre
  2199 | D:4      | Reached XP level 6. HP: 44/56 MP: 6/6
  2207 | D:4      | Killed an ogre
  2414 | D:4      | Reached skill level 1 in Dodging
  2683 | D:4      | Found Gyhexai's Weapon Emporium.
  2691 | D:4      | Bought a +0 hand axe of venom for 72 gold pieces
  2710 | D:4      | Noticed an ogre
  2717 | D:4      | Killed an ogre
  2717 | D:4      | Reached * piety under Okawaru
  2717 | D:4      | Reached XP level 7. HP: 63/63 MP: 7/7
  2774 | D:4      | Noticed an ogre
  2779 | D:4      | Killed an ogre
  3165 | D:5      | Entered Level 5 of the Dungeon
  3179 | D:5      | Found a sparkling altar of Nemelex Xobeh.
  3180 | D:5      | Found a sacrificial altar of Ru.
  3181 | D:5      | Noticed Eustachio
  3184 | D:5      | Found a shimmering altar of Xom.
  3516 | D:5      | Found a stormy altar of Qazlal.
  3549 | D:5      | Reached XP level 8. HP: 36/70 MP: 8/8
  3685 | D:5      | Found a glowing silver altar of Zin.
  3793 | D:6      | Reached skill level 5 in Armour
  3832 | D:6      | Reached ** piety under Okawaru
  3941 | D:6      | Noticed Prince Ribbit
  4058 | D:6      | Found a white marble altar of Elyvilon.
  4135 | D:6      | Found a basalt altar of Yredelemnul.
  4174 | D:6      | Reached skill level 7 in Armour
  4298 | D:5      | Found a shadowy altar of Dithmenos.
  4336 | D:5      | Killed Eustachio
  4375 | D:6      | Reached skill level 8 in Axes
  4498 | D:6      | Reached skill level 9 in Axes
  4498 | D:6      | Reached XP level 9. HP: 34/75 MP: 9/9
  4564 | D:6      | Killed Prince Ribbit
  4564 | D:6      | Reached *** piety under Okawaru
  5116 | D:7      | Found Zainifawk's Elemental Accessories.
  5405 | D:8      | Noticed Pikel
  5815 | D:8      | Reached skill level 10 in Fighting
  5884 | D:8      | Reached **** piety under Okawaru
  6010 | D:8      | Found a blossoming altar of Fedhas.
  6128 | D:8      | Killed Pikel
  6128 | D:8      | Reached skill level 11 in Fighting
  6128 | D:8      | Reached XP level 10. HP: 17/97 MP: 10/10
  6413 | D:8      | Found a glowing golden altar of the Shining One.
  6680 | D:9      | Found a snail-covered altar of Cheibriados.
  7619 | D:9      | Reached ***** piety under Okawaru
  7648 | D:9      | Reached skill level 5 in Dodging
  7880 | D:10     | Entered Level 10 of the Dungeon
  7911 | D:10     | Noticed Maurice
  8086 | D:10     | Killed Maurice
  8243 | D:10     | Found a staircase to the Orcish Mines.
  8248 | Orc:1    | Entered Level 1 of the Orcish Mines
  8265 | D:10     | HP: 3/97 [orc warrior/long sword (9)]
  8267 | D:10     | Mangled by an orc warrior

Action                   |  1- 3 |  4- 6 |  7- 9 | 10-12 || total
-------------------------+-------+-------+-------+-------++-------
Melee: War axe           |   102 |   199 |       |   182 ||   483
       Hand axe          |       |     5 |   508 |    34 ||   547
       Unarmed           |       |       |    14 |       ||    14
Invok: Heroism           |       |       |       |     2 ||     2
  Use: Potion            |       |     2 |       |     1 ||     3
  Eat: Chunk             |       |     5 |    12 |     8 ||    25
